 Dungeon Crawl Stone Soup version 0.30.0-12-gd5a94ecb5d (webtiles) character file.

Game seed: 17003139214470554660

52 Peon the Slasher (level 3, -2/31 HPs)
             Began as a Gnoll Reaver on May 17, 2023.
             Slain by a hobgoblin (3 damage)
             ... led by Robin
             ... on level 3 of the Dungeon.
             The game lasted 00:04:11 (1322 turns).

Peon the Slasher (Gnoll Reaver)                     Turns: 1322, Time: 00:04:12

Health: -2/31      AC:  7    Str: 11    XL:     3   Next: 85%
Magic:  9/9        EV: 12    Int: 14    God:
Gold:   60         SH:  0    Dex: 10    Spells: 11/12 levels left

rFire   . . .        a - +0 falchion
rCold   . . .        (no shield)
rNeg    . . .        b - +0 leather armour
rPois   .            (no helmet)
rElec   .            (no cloak)
rCorr   .            (no gloves)
SInv    .            (no boots)
Will    .....        (no amulet)
Stlth   +            g - +4 ring of protection
HPRegen 0.25/turn    (no ring)
MPRegen 0.11/turn

%: no passive effects
@: no status effects
A: fangs 1, strong nose, distributed training
a: no special abilities


You were on level 3 of the Dungeon.
You visited 1 branch of the dungeon, and saw 3 of its levels.

You collected 60 gold pieces.

Inventory:

Hand Weapons
 a - a +0 falchion (weapon)
Missiles
 h - a throwing net
Armour
 b - a +0 leather armour (worn)
 n - a +0 ring mail
Jewellery
 g - a +4 ring of protection (left hand)
Scrolls
 d - 2 scrolls of amnesia {unknown}
 e - 4 scrolls of identify {unknown}
 f - 2 scrolls of teleportation {unknown}
 i - 3 scrolls of noise {unknown}
Potions
 c - 2 potions of curing {unknown}
 j - a potion of resistance {unknown}
 k - 2 potions of degeneration {unknown}
 l - 3 potions of brilliance {unknown}
 m - 2 potions of haste {unknown}


   Skills:
 + Level 4.6 Fighting
 + Level 1.0 Short Blades
 + Level 6.5 Long Blades
 + Level 1.0 Axes
 + Level 1.0 Maces & Flails
 + Level 1.0 Polearms
 + Level 1.0 Staves
 + Level 1.0 Ranged Weapons
 + Level 1.0 Throwing
 + Level 1.0 Armour
 + Level 4.6 Dodging
 + Level 1.0 Stealth
 + Level 1.0 Shields
 + Level 1.0 Unarmed Combat
 + Level 5.0 Spellcasting
 + Level 5.4 Conjurations
 + Level 0.7 Hexes
 + Level 0.7 Summonings
 + Level 0.7 Necromancy
 + Level 0.7 Translocations
 + Level 0.7 Transmutations
 + Level 0.7 Fire Magic
 + Level 0.7 Ice Magic
 + Level 0.7 Air Magic
 + Level 0.7 Earth Magic
 + Level 0.7 Poison Magic
 + Level 1.1 Invocations
 + Level 1.0 Evocations


You had 11 spell levels left.
You knew the following spells:

 Your Spells              Type           Power      Damage    Failure   Level
a - Kiss of Death         Conj/Necr      48%        2d9       6%          1

Your spell library contained the following spells:

 Spells                   Type           Power      Damage    Failure   Level
 Momentum Strike          Conj/Tloc      24%        3d8       10%         2
 Hailstorm                Conj/Ice       12%        3d5       19%         3


Dungeon Overview and Level Annotations

Branches:
Dungeon (3/15)

Altars:

Shops:
D:1 *   D:2 ?

Annotations:
D:3 Robin


Innate Abilities, Weirdness & Mutations

You have very sharp teeth.
Your uncanny sense of smell can sniff out nearby items.
Your experience applies equally to all skills.


Message History

The goblin hits you with a +0 dagger. Robin throws the goblin at you!
The goblin closely misses you.
You are too injured to fight recklessly!
You are too injured to fight recklessly!
The goblin closely misses you.
You hit the goblin but do no damage.
The goblin hits you but does no damage. x2
The goblin hits you with a +0 club.
You slash the goblin!
You kill the goblin!
The goblin completely misses you. The goblin barely misses you.
You closely miss the goblin. The goblin closely misses you.
The goblin hits you but does no damage.
You slash the goblin!
You kill the goblin!
The goblin hits you with a +0 club.
* * * LOW HITPOINT WARNING * * *
You hit the hobgoblin.
The hobgoblin is lightly wounded.
The hobgoblin hits you but does no damage.
The goblin barely misses you.
You hit the hobgoblin.
The hobgoblin is almost dead.
Robin roars a battlecry!
The hobgoblin goes into a battle-frenzy!
The hobgoblin hits you.
* * * LOW HITPOINT WARNING * * *
The goblin hits you but does no damage.
You barely miss the hobgoblin.
The hobgoblin is almost dead.
The goblin no longer looks unusually strong.
The goblin closely misses you.
You hit the hobgoblin.
You kill the hobgoblin!
The goblin hits you with a +0 club.
* * * LOW HITPOINT WARNING * * *
You hit the hobgoblin. Your punch misses the hobgoblin.
The hobgoblin is lightly wounded.
The goblin barely misses you. Robin hits you but does no damage.
The hobgoblin hits you.
You die...

##### #... ####.####
###.####=......######
......)ggg.....†....#
###.##)#@#..##.####.#
#g#####.##.# ..g
#.##.# #<# #.##.### ∆
... .###...# ### ∆ #
###.# #.#######.###
#.....).....#
#########.#.#


You could see Robin, a hobgoblin (strong) and a goblin.

Vanquished Creatures
  An adder (D:2)
  2 dart slugs
  4 bats
  4 endoplasms (D:1)
  A giant cockroach (D:2)
  7 goblins
  3 hobgoblins
  2 jackals (D:2)
  2 quokkas (D:2)
  6 ball pythons
  A frilled lizard (D:1)
  3 kobolds
  A rat (D:1)
37 creatures vanquished.

Notes
Turn   | Place    | Note
-------+----------+-------------------------------------------
     0 | D:1      | Peon the Gnoll Reaver began the quest for the Orb.
     0 | D:1      | Reached XP level 1. HP: 20/20 MP: 6/6
   194 | D:1      | Reached XP level 2. HP: 26/26 MP: 7/7
   287 | D:1      | Found a faded altar of an unknown god.
   603 | D:1      | Found Idez's General Store.
   749 | D:2      | Reached skill level 5 in Spellcasting
   749 | D:2      | Reached XP level 3. HP: 31/31 MP: 7/9
   761 | D:2      | Reached skill level 1 in Invocations
  1020 | D:2      | Found The Oracle's Delphic Readings.
  1295 | D:3      | Reached skill level 1 in Short Blades
  1295 | D:3      | Reached skill level 1 in Axes
  1295 | D:3      | Reached skill level 1 in Maces & Flails
  1295 | D:3      | Reached skill level 1 in Polearms
  1295 | D:3      | Reached skill level 1 in Staves
  1295 | D:3      | Reached skill level 1 in Ranged Weapons
  1295 | D:3      | Reached skill level 1 in Throwing
  1295 | D:3      | Reached skill level 1 in Armour
  1295 | D:3      | Reached skill level 1 in Stealth
  1295 | D:3      | Reached skill level 1 in Shields
  1295 | D:3      | Reached skill level 1 in Unarmed Combat
  1295 | D:3      | Reached skill level 1 in Evocations
  1301 | D:3      | Identified the +1 helmet of the Dolphin {Int+3}
  1301 | D:3      | Noticed Robin
  1321 | D:3      | HP: 1/31 [goblin/+0 club[Robin] (3)]
  1322 | D:3      | Slain by a hobgoblin

Illustrated notes

Levels and vault maps discovered:
D:1:      dpeg_arrival_water_temple_mockup, layout_loops_ring,
          ebering_ecumenical_altar_hall, serial_shops,
          nicolae_shop_just_a_little_nook
D:2:      layout_basic, nicolae_nh_oracle_at_delphi
D:3:      kennysheep_six_static_rooms, layout_loops_ring, serial_shops, shop,
          dk_vineyard_1, uniq_sigmund, uniq_robin

Skill      XL: |  1  2  3 |
---------------+----------+-----
Spellcasting   | 5 |  5.0
Invocations    | 1 |  1.1
Short Blades   | 1 |  1.0
Axes           | 1 |  1.0
Maces & Flails | 1 |  1.0
Polearms       | 1 |  1.0
Staves         | 1 |  1.0
Ranged Weapons | 1 |  1.0
Throwing       | 1 |  1.0
Armour         | 1 |  1.0
Stealth        | 1 |  1.0
Shields        | 1 |  1.0
Unarmed Combat | 1 |  1.0
Evocations     | 1 |  1.0
Fighting       | |  4.6
Long Blades    | |  6.5
Dodging        | |  4.6
Conjurations   | |  5.4
Hexes          | |  0.7
Summonings     | |  0.7
Necromancy     | |  0.7
Translocations | |  0.7
Transmutations | |  0.7
Fire Magic     | |  0.7
Ice Magic      | |  0.7
Air Magic      | |  0.7
Earth Magic    | |  0.7
Poison Magic   | |  0.7

Action                     || total
---------------------------++-------
  Melee: Falchion          ||   114
         Bite              ||     8
   Stab: Sleeping          ||     1
 Armour: Leather armour    ||    50
  Dodge: Dodged            ||    76
